 Dungeon Crawl Stone Soup version 0.27.0-1-g7a089689b8 (webtiles) character file.

Game seed: 1765288825695744334

103 sanka the Caller (level 4, -3/42 HPs)
             Began as a Naga Summoner on Aug 9, 2021.
             Was a Follower of Okawaru.
             Slain by Crazy Yiuf (9 damage)
             ... on level 3 of the Dungeon.
             The game lasted 00:06:14 (3732 turns).

sanka the Caller (Naga Summoner)                    Turns: 3732, Time: 00:06:14

Health: -3/42      AC:  2    Str: 11    XL:     4   Next: 79%
Magic:  1/7        EV: 10    Int: 15    God:    Okawaru [*.....]
Gold:   178        SH:  0    Dex: 12    Spells: 4/7 levels left

rFire    . . .     SeeInvis +   m - +0 falchion
rCold    . . .     Faith    .   (no shield)
rNeg     . . .     Spirit   .   a - +0 robe
rPois    +         Reflect  .   (no helmet)
rElec    .         Harm     .   (no cloak)
rCorr    .         Rampage  .   (no gloves)
Will     .....                  (no barding)
Stlth    ++........             (no amulet)
HPRegen  0.14/turn              (no ring)
MPRegen  0.10/turn              (no ring)

@: flying, very slow
A: AC +1, large, see invisible, deformed body, poison resistance, slowness 2,
spit poison 1, naga tail 1
a: Spit Poison, Renounce Religion, Heroism


You were on level 3 of the Dungeon.
You worshipped Okawaru.
Okawaru was aware of your devotion.
You visited 1 branch of the dungeon, and saw 3 of its levels.

You collected 178 gold pieces.


Innate Abilities, Weirdness & Mutations

Your serpentine skin is tough. (AC +1)
You have supernaturally acute eyesight. (SInv)
Armour fits poorly on your strangely shaped body.
Your system is resistant to poisons. (rPois)
You cover ground very slowly.
You can spit poison.
You have a snake-like lower body.


   Skills:
 + Level 3.2 Fighting
 - Level 1.5 Dodging
 - Level 3.0 Stealth
 - Level 2.0 Spellcasting
 - Level 4.0 Summonings
 + Level 2.7 Invocations


You had 4 spell levels left.
You knew the following spells:

 Your Spells              Type           Power      Damage    Failure   Level
x - Call Imp              Summ           13%        N/A       6%          2
z - Summon Small Mammal   Summ           52%        N/A       4%          1

Your spell library contained the following spells:

 Spells                   Type           Power      Damage    Failure   Level
 Call Canine Familiar     Summ           13%        N/A       13%         3
 Summon Guardian Golem    Hex/Summ       7%         N/A       28%         3
 Ignite Poison            Fire/Tmut/Pois 1%         N/A       54%         3
 Mephitic Cloud           Conj/Pois/Air  1%         N/A       54%         3
 Summon Lightning Spire   Summ/Air       7%         N/A       67%         4
 Bolt of Magma            Conj/Fire/Erth 0%         4d4       99%         5
 Orb of Destruction       Conj           0%         N/A       100%        7
 Spellforged Servitor     Conj/Summ      3%         N/A       100%        7

Inventory:

Hand Weapons
 j - a +0 mace
 m - a +0 falchion (weapon)
Armour
 a - a +0 robe (worn)
Wands
 h - a wand of flame (8)
Scrolls
 b - 4 scrolls of vulnerability {unknown}
 c - a scroll of acquirement {unknown}
 d - 4 scrolls of magic mapping {unknown}
 e - a scroll of fear {unknown}
 f - 2 scrolls of identify {unknown}
 g - 2 scrolls of teleportation {unknown}
 i - a scroll of immolation {unknown}
 n - a scroll of noise {unknown}
Potions
 k - a potion of magic {unknown}
 o - a potion of haste {unknown}

Dungeon Overview and Level Annotations

Branches:
Dungeon (3/15)

Altars:
Ashenzari
Kikubaaqudgha
Okawaru
Qazlal
Zin

Shops:
D:1 ?

Annotations:
D:3 Crazy Yiuf

▒.▒▒▒▒.(...▒▒▒▒▒▒▒▒▒▒▒
▒.▒ ▒▒▒▒▒▒▒ ▒.▒ ▒.▒
▒▒▒ ▒.▒▒▒▒▒ ▒▒▒ ▒..
▒...▒.▒▒ ▒▒▒..)▒ ▒▒..
▒......▒▒▒▒.g...▒ ▒...
▒▒...5..▒..▒▒...▒ ▒▒..
▒▒.▒Ng▒.▒▒▒ ▒▒▒ ▒▒▒
▒▒▒▒▒▒▒▒


You could see Crazy Yiuf (ally target) and a friendly crimson imp (summoned).


Message History

Crazy Yiuf zaps a wand.
The puff of flame hits your shadow imp!
Unknown command.
You don't have any such object.
Evoke which item? (* to show all) (? for menu, Esc to quit)
You don't have any such object.
Evoke which item? (* to show all) (? for menu, Esc to quit)
Okay, then.
Aiming: Throw Flame
Aim: Crazy Yiuf, wielding a +3 quarterstaff of chaos, wearing a +0 cloak and carrying a wand of flame (22) (severely wounded, ally target, 72% to hit)
The puff of flame misses Crazy Yiuf.
Your shadow imp barely misses Crazy Yiuf.
Crazy Yiuf zaps a wand.
The puff of flame hits your shadow imp.
Your shadow imp dies!
Your crimson imp hits Crazy Yiuf but does no damage.
Aiming: Throw Flame
Aim: Crazy Yiuf, wielding a +3 quarterstaff of chaos, wearing a +0 cloak and carrying a wand of flame (21) (severely wounded, ally target, 72% to hit)
The puff of flame hits Crazy Yiuf.
Crazy Yiuf is almost dead.
Crazy Yiuf zaps a wand.
The puff of flame hits you!
* * * LOW HITPOINT WARNING * * *
Your crimson imp misses Crazy Yiuf.
Unknown command.
It was a potion of flight.
You feel very buoyant.
You fly up into the air.
Crazy Yiuf hits you with a +3 quarterstaff of chaos!
You die...

Action                   |  1- 3 |  4- 6 || total
-------------------------+-------+-------++-------
Melee: Unarmed           |    48 |       ||    48
       Mace              |     7 |     7 ||    14
       Falchion          |       |    22 ||    22
 Cast: Summon Small Mamm |    17 |       ||    17
       Call Imp          |       |     6 ||     6
 Abil: Spit Poison       |    37 |    19 ||    56
Evoke: Wand              |       |     4 ||     4
  Use: Potion            |       |     1 ||     1
 Stab: Sleeping          |     1 |       ||     1
Armor: Robe              |    11 |    12 ||    23
Dodge: Dodged            |    35 |    22 ||    57
       Rpst.: Falchion   |       |     9 ||     9

Levels and vault maps discovered:
D:1:      dpeg_arrival_arbitrary_a, layout_basic, ebering_ecumenical_altar_rust,
          serial_shops, shop, minmay_ruptured
D:2:      layout_rooms, basic_altar, grunt_ministairs_11
D:3:      layout_basic, mainiacjoe_overflow_boulevard,
          nicolae_overflow_hidden_temple, mainiacjoe_overflow_cross_hatched,
          minivault_23, uniq_crazy_yiuf_cottage

Notes
Turn   | Place    | Note
-------+----------+-------------------------------------------
     0 | D:1      | sanka the Naga Summoner began the quest for the Orb.
     0 | D:1      | Reached XP level 1. HP: 15/15 MP: 3/3
   230 | D:1      | Reached skill level 1 in Fighting
   259 | D:1      | Found Odoog's Magic Scroll Boutique.
   530 | D:1      | Reached XP level 2. HP: 16/25 MP: 5/5
   665 | D:1      | Found a faded altar of an unknown god.
   682 | D:1      | Learned a level 2 spell: Call Imp
   815 | D:1      | Became a worshipper of Warmaster Okawaru
   815 | D:1      | Reached * piety under Okawaru
  1234 | D:2      | Reached skill level 2 in Fighting
  1373 | D:2      | Reached skill level 1 in Invocations
  1417 | D:2      | Found a stormy altar of Qazlal.
  1427 | D:2      | Reached XP level 3. HP: 30/32 MP: 6/6
  2463 | D:3      | Reached skill level 2 in Invocations
  2463 | D:3      | Reached XP level 4. HP: 40/40 MP: 7/7
  2822 | D:3      | Reached skill level 3 in Fighting
  2826 | D:3      | Found a broken altar of Ashenzari.
  3132 | D:3      | Found a glowing silver altar of Zin.
  3464 | D:3      | Found a runed translucent door.
  3465 | D:3      | Noticed Crazy Yiuf
  3509 | D:3      | Found an ancient bone altar of Kikubaaqudgha.
  3732 | D:3      | Slain by Crazy Yiuf

Vanquished Creatures
  3 adders (D:3)
  2 dart slugs
  2 worms (D:3)
  An orc (D:3)
  3 bats
  7 endoplasms
  A giant cockroach (D:3)
  5 goblins
  5 hobgoblins
  2 kobolds (D:2)
  4 quokkas
  2 ball pythons
  2 frilled lizards
  5 rats
44 creatures vanquished.

Vanquished Creatures (collateral kills)
  2 adders
  A bat (D:1)
  An endoplasm (D:1)
  A giant cockroach (D:1)
  A jackal (D:1)
  A frilled lizard (D:1)
7 creatures vanquished.

Grand Total: 51 creatures vanquished
